 Dungeon Crawl Stone Soup version 0.29-a0-732-g3d7fbe0af2 (webtiles) character file.

Game seed: 9350615707285104148

650 DuloT34 the Trooper (level 7, -7/6 (56) HPs)
             Began as a Barachi Arcane Marksman on June 30, 2022.
             Mangled by a wyvern (8 damage)
             ... on level 4 of the Dungeon.
             The game lasted 00:08:47 (5366 turns).

DuloT34 the Trooper (Barachi Arcane Marksman)       Turns: 5366, Time: 00:08:47

HP:   -7/6 (56)     AC:  7    Str: 11    XL:     7   Next: 53%
MP:   10/12         EV: 17    Int: 14    God:
Gold: 261           SH:  0    Dex: 14    Spells: 9/13 levels left

rFire   . . .      SeeInvis .   x - +2 sling (flame)
rCold   . . .      Faith    .   (no shield)
rNeg    . . .      Spirit   .   g - +5 robe of Miteid {+Inv Will+}
rPois   .          Reflect  .   (no helmet)
rElec   .          Harm     .   (no cloak)
rCorr   .          Rampage  .   (no gloves)
Will    +....                   (no boots)
Stlth   +.........              (no amulet)
HPRegen 0.02/turn               l - +4 ring of evasion
MPRegen 0.13/turn               (no ring)

@: unable to hop, very slightly contaminated, extremely drained, invisible, slow
A: amphibious, slowness 1, strong legs 1, +LOS
a: Hop, Evoke Invisibility


You were on level 4 of the Dungeon.
You visited 1 branch of the dungeon, and saw 5 of its levels.

You collected 261 gold pieces.

Inventory:

Hand Weapons
 b - a +0 trident of protection
 x - a +2 sling of flaming (weapon)
Missiles
 e - a throwing net
Armour
 g - the +5 robe of Miteid (worn) {+Inv Will+}
   (You found it on level 2 of the Dungeon)

   +Inv:      It lets you turn invisible.
   Will:      It increases your willpower.
Jewellery
 l - a +4 ring of evasion (left hand)
Wands
 c - a wand of paralysis (6)
 u - a wand of flame (11)
Scrolls
 d - 2 scrolls of vulnerability
 f - a scroll of blinking {unknown}
 h - 2 scrolls of magic mapping
 j - 4 scrolls of identify {unknown}
 m - a scroll of immolation {unknown}
 o - 2 scrolls of noise {unknown}
 q - a scroll of fear {unknown}
 r - 2 scrolls of enchant armour
 v - 3 scrolls of silence {unknown}
 y - a scroll of summoning {unknown}
Potions
 a - a potion of ambrosia {unknown}
 i - a potion of curing
 k - 2 potions of heal wounds {unknown}
 n - 2 potions of flight {unknown}
 p - 2 potions of invisibility {unknown}
 s - a potion of haste {unknown}
 t - a potion of attraction {unknown}
 w - a potion of degeneration {unknown}


   Skills:
 + Level 5.4 Fighting
 - Level 3.4 Ranged Weapons
 - Level 3.7 Dodging
 + Level 3.5 Spellcasting
 - Level 3.2 Hexes
 + Level 3.6 Poison Magic


You had 9 spell levels left.
You knew the following spells:

 Your Spells              Type           Power      Damage    Failure   Level
a - Slow                  Hex            44%        N/A       5%          1
b - Mephitic Cloud        Conj/Pois/Air  5%         N/A       36%         3

Your spell library contained the following spells:

 Spells                   Type           Power      Damage    Failure   Level
 Magic Dart               Conj           8%         1d3       21%         1
 Call Imp                 Summ           2%         N/A       30%         2
 Inner Flame              Hex/Fire       7%         N/A       30%         3
 Portal Projectile        Hex/Tloc       14%        N/A       30%         3
 Ignite Poison            Fire/Tmut/Pois 5%         N/A       36%         3
 Cause Fear               Hex            5%         N/A       45%         4
 Conjure Flame            Conj/Fire      2%         6-21      52%         3
 Sticky Flame             Conj/Fire      2%         2d3       90%         4


Dungeon Overview and Level Annotations

Branches:
Dungeon (5/15)
 Temple: D:4-7

Altars:
Trog
Uskayaw
Xom

Shops:
D:2 *


Innate Abilities, Weirdness & Mutations

You are amphibious.
You cover ground slowly.
You can hop short distances.
You have an extended range of vision and can be seen from far away.


Message History

The phantom hits you but does no damage.
The wyvern attacks as you move away! The wyvern closely misses you.
The phantom closely misses you. The wyvern closely misses you.
The wyvern attacks as you move away!
The wyvern bites you but does no damage.
There is a stone staircase leading up here.
The wyvern bites you.
* * * LOW HITPOINT WARNING * * *
The wyvern completely misses you. The phantom closely misses you.
You climb upwards.
There is a stone staircase leading down here.
The wyvern barely misses you. The phantom hits you.
* * * LOW HITPOINT WARNING * * *
The phantom blinks!
You blink.
Unknown command.
Okay, then.
You feel drained.
You fail to use your ability.
The phantom hits you but does no damage.
You feel drained.
You fail to use your ability.
The phantom completely misses you. The wyvern misses you.
Your magical contamination has completely faded away.
You feel drained.
You fail to use your ability.
The wyvern hisses menacingly.
The wyvern misses you.
The phantom hits you but does no damage.
You feel drained.
You fail to use your ability.
The wyvern completely misses you. The phantom closely misses you.
The wyvern barely misses you.
You feel drained.
You fail to use your ability.
The wyvern bites you. The phantom closely misses you.
You feel drained.
You fail to use your ability.
The wyvern bites you!
Ouch! That really hurt!
* * * LOW HITPOINT WARNING * * *
The phantom completely misses you. The wyvern barely misses you.
You feel drained.
You fade into invisibility!
You are very lightly contaminated with residual magic.
The wyvern bites you!
Ouch! That really hurt!
You die...

.#..##>...##.....##.....#......(.
.#...#...........#......#........
.'...#...........#......#........
.#..########.#########+##........
.#..##...###.#...................
.#........#..#.................##
.#........#..'................###
.#..##....#..#..................#
#####.....#..#..@W.........##._..
#.#'####+#...l........###...#
#...........##'######.###..##
#...........#...........#..##
#...........#>ยง.............#
#...........#####'####.......
#######'##...............##..
#...#...#...............#...
#...#...#...............#...


You could see a wyvern (can't see you) and a phantom (can't see you).

Vanquished Creatures
  2 phantoms
  A scorpion (D:5)
  A vampire bat (D:4)
  A hound (D:3)
  An orc wizard (D:3)
  Ijyb (D:5)
  2 iguanas
  3 gnolls (D:4)
  6 adders
  An ufetubus (D:4)
  A dart slug (D:4)
  3 fire bats (D:4)
  16 orcs (D:3)
  2 spectral bats (D:4)
  15 bats
  3 bat skeletons (D:4)
  A bat zombie (D:4)
  6 endoplasms
  6 giant cockroaches
  12 goblins
  2 hobgoblins
  3 jackals (D:1)
  6 kobolds
  8 quokkas
  9 ball pythons
  A bat simulacrum (D:4)
  6 frilled lizards
  3 rats
  A spectral goblin (D:2)
123 creatures vanquished.

Notes
Turn   | Place    | Note
-------+----------+-------------------------------------------
     0 | D:1      | DuloT34 the Barachi Arcane Marksman began the quest for the
                  | Orb.
     0 | D:1      | Reached XP level 1. HP: 15/15 MP: 2/2
   273 | D:1      | Reached XP level 2. HP: 22/22 MP: 3/3
   526 | D:1      | Reached skill level 2 in Fighting
   681 | D:1      | Reached XP level 3. HP: 27/27 MP: 4/4
  1512 | D:2      | Identified the +5 robe of Miteid {+Inv Will+}
  1531 | D:2      | Found a faded altar of an unknown god.
  1675 | D:2      | Found Kegray's Assorted Antiques.
  1684 | D:2      | Reached XP level 4. HP: 21/34 MP: 5/5
  2384 | D:3      | Reached skill level 3 in Fighting
  2704 | D:3      | Reached XP level 5. HP: 41/41 MP: 4/6
  2813 | D:3      | Found a hide-covered altar of Uskayaw.
  2813 | D:3      | Found a shimmering altar of Xom.
  2882 | D:3      | Identified the +9 hand axe of the Equator {drain, *Corrode
                  | Int+4 Dex+10}
  3228 | D:3      | Learned a level 3 spell: Mephitic Cloud
  3563 | D:3      | Reached skill level 1 in Poison Magic
  3727 | D:4      | Found a bloodstained altar of Trog.
  3941 | D:4      | Reached skill level 4 in Fighting
  3968 | D:4      | Reached XP level 6. HP: 46/48 MP: 8/8
  4563 | D:4      | Reached XP level 7. HP: 55/55 MP: 11/11
  4898 | D:5      | Entered Level 5 of the Dungeon
  4931 | D:5      | Reached skill level 5 in Fighting
  5031 | D:5      | Noticed Ijyb
  5048 | D:5      | Killed Ijyb
  5318 | D:5      | Noticed a wyvern
  5366 | D:4      | Mangled by a wyvern

Illustrated notes

Levels and vault maps discovered:
D:1:      tarquinn_simple_flora_water_f, layout_basic
D:2:      layout_rooms, dreamdust_ecumenical_altar_drowned_temple, serial_shops,
          nicolae_shop_trees, serial_forest, infiniplex_forest_straight_3,
          infiniplex_forest_corner_1, infiniplex_forest_clump_diagonal,
          infiniplex_forest_lined_2, infiniplex_forest_straight_2,
          infiniplex_forest_straight_5, infiniplex_forest_zigzag_2,
          infiniplex_forest_clump_cross
D:3:      layout_basic, chequers_temple_overflow_statue_of_worship,
          minmay_fractal_squares_5
D:4:      layout_gridville, trog_three_pillars_becter, minmay_misc_feat_square,
          goddamned_bats
D:5:      minmay_evil_eye, layout_basic, worldfamousw_hep_ancestral_shrine,
          zin_academy, uniq_ijyb

Skill      XL: |  1  2  3  4  5  6  7 |
---------------+----------------------+-----
Fighting       | 2 3 4 5 |  5.4
Dodging        | 3 |  3.7
Ranged Weapons | 3 |  3.4
Poison Magic   | 1 2 3 |  3.6
Spellcasting   | 2 3 |  3.5
Hexes          | |  3.2

Action                   |  1- 3 |  4- 6 |  7- 9 || total
-------------------------+-------+-------+-------++-------
 Fire: Sling             |   143 |   322 |    64 ||   529
 Cast: Slow              |       |     5 |     2 ||     7
       Mephitic Cloud    |       |     1 |       ||     1
 Abil: Evoke Invisibilit |       |       |     2 ||     2
       Hop               |       |       |     1 ||     1
  Use: Scroll            |     3 |       |       ||     3
       Potion            |       |       |     1 ||     1
Armor: Robe              |    28 |    69 |    28 ||   125
Dodge: Dodged            |    49 |   226 |   102 ||   377

Table legend: (Time is in decaauts)
 A = Elapsed time spent in this place.
 B = Non-inter-level travel time spent in this place.
 C = Inter-level travel time spent in this place.
 D = Time resting spent in this place.
 E = Time spent auto-exploring this place.
 F = Levels seen in this place.
 G = Mean time per level.
                   A        B        C        D        E       F      G
               +--------+--------+--------+--------+--------+-----+--------+
         Total |   6031 |   5929 |    102 |   1161 |   3796 |   5 | 1206.2 |
       Dungeon |   6031 |   5929 |    102 |   1161 |   3796 |   5 | 1206.2 |
               +--------+--------+--------+--------+--------+-----+--------+

Top non-repeatable levels by time:
     D:3: 1475 daAuts
     D:4: 1432 daAuts
     D:2: 1400 daAuts
     D:1: 1200 daAuts
     D:5: 523 daAuts
